 Dungeon Crawl Stone Soup version 0.29-a0-723-gce39da1c22 (webtiles) character file.

Game seed: 6669851528275503073

368 Armakuni the Trooper (level 7, -6/84 HPs)
             Began as a Human Artificer on June 28, 2022.
             Killed by divine providence
             ... invoked by an orc priest
              (9 damage)
             ... on level 4 of the Dungeon.
             The game lasted 00:07:48 (2653 turns).

Armakuni the Trooper (Human Artificer)              Turns: 2653, Time: 00:07:49

Health: -6/84      AC: 23    Str: 15    XL:     7   Next: 1%
Magic:  7/7        EV:  2    Int: 11    God:
Gold:   173        SH:  0    Dex: 13    Spells: 6/6 levels left

rFire   . . .      SeeInvis .   a - +1 hand axe of Instant Death {drain, rN+}
rCold   . . .      Faith    .   (no shield)
rNeg    + . .      Spirit   .   (body armour currently unavailable)
rPois   +          Reflect  .   (helmet currently unavailable)
rElec   .          Harm     .   (cloak currently unavailable)
rCorr   .          Rampage  .   (gloves currently unavailable)
Will    .....      NoTele   +   (boots currently unavailable)
Stlth   ++........              R - amulet of regeneration
HPRegen 1.04/turn               (no ring)
MPRegen 0.10/turn               (no ring)

@: tree-form
A: stationary, stasis, torment immunity, boosted hp
a: no special abilities


You were on level 4 of the Dungeon.
You were a tree.
You visited 1 branch of the dungeon, and saw 4 of its levels.

You collected 173 gold pieces.

Inventory:

Hand Weapons
 a - the +1 hand axe of Instant Death (weapon) {drain, rN+}
   (You found it on level 2 of the Dungeon)

   A truly terrible weapon, it drains the life of any living foe it strikes.
   rN:        It protects you from negative energy.
 b - a +0 flail
 p - a +0 quarterstaff
Missiles
 m - 2 curare-tipped darts (quivered)
 q - 3 silver javelins
Armour
 h - a +0 pair of gloves (melded)
 l - a +0 scale mail
 o - a +0 leather armour (melded)
Jewellery
 R - an amulet of regeneration (around neck)
Wands
 c - a wand of charming (10)
 j - a wand of iceblast (3)
 v - a wand of flame (6)
Scrolls
 d - a scroll of teleportation
 f - a scroll of magic mapping
 k - a scroll of poison


   Skills:
 - Level 5.0 Fighting
 - Level 0.6(1.0) Axes
 - Level 1.0(1.8) Maces & Flails
 + Level 2.2(2.3) Staves
 - Level 2.0 Armour
 - Level 1.0 Dodging
 - Level 1.0 Stealth
 + Level 4.2 Evocations


You had 6 spell levels left.
You didn't know any spells.
Your spell library contained the following spells:

 Spells                   Type           Power      Damage    Failure   Level
 Portal Projectile        Hex/Tloc       0%         N/A       71%         3
 Tukima's Dance           Hex            0%         N/A       71%         3
 Blade Hands              Tmut           0%         N/A       100%        5


Dungeon Overview and Level Annotations

Branches:
Dungeon (4/15)
 Temple: D:4-7

Altars:
Ru


Message History

Something hits you but does no damage.
You are electrocuted!
The adder hisses angrily.
The adder bites you.
You hit the orc priest.
The orc priest is severely wounded.
You miss something. You hit the adder.
The orc priest hits you but does no damage.
Something hits you but does no damage.
The orc priest mumbles some strange prayers to Beogh against you.
Beogh smites you!
* * * LOW HITPOINT WARNING * * *
The adder bites you but does no damage. Something hits you but does no damage.
You hit the orc priest but do no damage.
You drain the orc priest.
The orc priest is almost dead.
You miss the adder. You hit something.
Reactivating autopickup.
You feel a bit more experienced. The adder bites you but does no damage.
The orc priest hits you but does no damage.
An orc comes into view. It is wielding a +0 short sword.
You have reached level 7!
You completely miss the orc priest.
The orc priest is almost dead.
You barely miss the adder. The adder bites you but does no damage.
The orc priest calls down the wrath of Beogh upon you.
Beogh smites you!
* * * LOW HITPOINT WARNING * * *
The adder completely misses you.
You aren't carrying any potions.
Okay, then.
Okay, then.
Unknown command.
Okay, then.
Unknown command.
You closely miss the orc priest.
The orc priest is almost dead.
You barely miss the adder. The adder bites you but does no damage.
The orc priest calls down the wrath of Beogh upon you.
Beogh smites you!
You die...

#....#......#### *,,,,,*
##.#...........####**# **,,,,,*
**..##.......(.....,.##***,,,,,,*
*,............######..<,,,,,,,,,*
,,#.....###..###.......,***,,,,,*
,,###......#..........,,,,*******
,,,....#...#......##***,,,,,,,,*
*,,..#.#.#####oS)#### *,,...,,,*
*,,..*.........#♣o..# *,....,,,*
*,,,*...######.####.###.....,,,*
,**,#..,* #..* #.........,,,*
***,..#,**####..###o.###....,***
* *,,**,,,....$.....## ****#,**
***,,*****,>...#...##*******,,***
,,,,,* **.?............#*,,,,,,,
,,,,,* **,...$........#..*,,,,,,,
,,,*,***,,.............#,,,,,,,,,


You could see an orc priest (very drained), an adder and an orc.

Vanquished Creatures
  Duvessa (D:4)
  Dowan (D:4)
  An orc priest (D:4)
  Terence (D:2)
  An orc wizard (D:4)
  5 gnolls
  An adder (D:3)
  2 worms
  A dart slug (D:2)
  3 orcs (D:3)
  7 endoplasms
  3 giant cockroaches
  3 goblins
  6 hobgoblins
  3 jackals (D:2)
  3 quokkas (D:3)
  2 ball pythons
  2 bats
  3 frilled lizards (D:3)
  4 kobolds
  2 rats
55 creatures vanquished.

Vanquished Creatures (collateral kills)
  2 gnolls (D:3)
  An endoplasm (D:2)
3 creatures vanquished.

Vanquished Creatures (others)
  A gnoll (D:3)
  2 fungi (D:1)
3 creatures vanquished.

Grand Total: 61 creatures vanquished

Notes
Turn   | Place    | Note
-------+----------+-------------------------------------------
     0 | D:1      | Armakuni the Human Artificer began the quest for the Orb.
     0 | D:1      | Reached XP level 1. HP: 15/15 MP: 1/1
    47 | D:1      | Found a faded altar of an unknown god.
   379 | D:1      | Reached XP level 2. HP: 19/22 MP: 2/2
   788 | D:2      | Noticed Terence
   817 | D:2      | Reached skill level 2 in Fighting
   817 | D:2      | Reached skill level 1 in Maces & Flails
   823 | D:2      | Your ally Terence died
   824 | D:2      | Reached skill level 3 in Fighting
   824 | D:2      | Reached XP level 3. HP: 29/29 MP: 3/3
   833 | D:2      | Found a sacrificial altar of Ru.
   883 | D:2      | Reached XP level 4. HP: 23/35 MP: 4/4
  1156 | D:2      | Reached skill level 4 in Fighting
  1200 | D:2      | Identified the +1 hand axe of Instant Death {drain, rN+}
  1229 | D:2      | Reached XP level 5. HP: 40/42 MP: 5/5
  2483 | D:4      | Noticed Duvessa
  2483 | D:4      | Noticed Dowan
  2485 | D:4      | Killed Dowan
  2486 | D:4      | Reached skill level 1 in Staves
  2486 | D:4      | Reached XP level 6. HP: 43/49 MP: 6/6
  2493 | D:4      | Killed Duvessa
  2494 | D:4      | Reached skill level 5 in Fighting
  2652 | D:4      | Reached XP level 7. HP: 12/56 MP: 7/7
  2652 | D:4      | HP: 1/84 [orc priest/divine providence (12)]
  2653 | D:4      | Killed from afar by an orc priest

Illustrated notes

Levels and vault maps discovered:
D:1:      eino_arrival_tree_alley, layout_rooms, shapermc_ecumenical_altar_petra
D:2:      layout_basic, basic_altar, uniq_terence
D:3:      layout_basic
D:4:      layout_rooms, nicolae_overflows_in_rows, uniq_duvessa

Skill      XL: |  1  2  3  4  5  6 |
---------------+-------------------+-----
Fighting       | 3 4 5 |  5.0
Maces & Flails | 1 |  1.0
Staves         | 1 2 |  2.2
Evocations     | 4 |  4.2
Axes           | |  0.6
Armour         | |  2.0
Dodging        | |  1.0
Stealth        | |  1.0

Action                   |  1- 3 |  4- 6 |  7- 9 || total
-------------------------+-------+-------+-------++-------
Melee: Club              |    16 |       |       ||    16
       Whip              |    42 |    44 |       ||    86
       Punch             |     1 |     1 |       ||     2
       Hand axe          |       |    98 |     2 ||   100
Throw: Dart              |     2 |    12 |       ||    14
       Throwing net      |       |     1 |       ||     1
Evoke: Wand              |     4 |    16 |       ||    20
  Use: Scroll            |       |     6 |       ||     6
       Potion            |       |     3 |       ||     3
 Stab: Sleeping          |       |     1 |       ||     1
Armor: Leather armour    |     9 |    27 |       ||    36
       Skin              |       |     9 |     2 ||    11
Dodge: Dodged            |    28 |    91 |     1 ||   120

Table legend: (Time is in decaauts)
 A = Elapsed time spent in this place.
 B = Non-inter-level travel time spent in this place.
 C = Inter-level travel time spent in this place.
 D = Time resting spent in this place.
 E = Time spent auto-exploring this place.
 F = Levels seen in this place.
 G = Mean time per level.
                   A        B        C        D        E       F      G
               +--------+--------+--------+--------+--------+-----+--------+
         Total |   2689 |   2593 |     96 |     61 |   1637 |   4 |  672.2 |
       Dungeon |   2689 |   2593 |     96 |     61 |   1637 |   4 |  672.2 |
               +--------+--------+--------+--------+--------+-----+--------+

Top non-repeatable levels by time:
     D:1: 948 daAuts
     D:3: 918 daAuts
     D:2: 648 daAuts
     D:4: 173 daAuts
